Map: King's Cove LE

Players

SortOf - Winner!

  • Race: Zerg Zerg
  • Spawn Location: 11:00

Cloudy

  • Race: Protoss Protoss
  • Spawn Location: 5:00

Event: 2019 WCS Spring

VOD

Have the link to the VOD?

Description

Time

  • Played on: May 18, 2019, 8:53 a.m.
  • Length: 8:08

All games in this series

Show
View Real Time Build Order
Export as new Build Order

SortOf Zerg - Winner!

Build Orders: Hatch First 

Get SALT Encoding   

  12  0:00  Drone  
  13  0:12  Overlord  
  13  0:18  Drone  
  14  0:31  Drone x2  
  16  0:50  Hatchery  
  16  0:53  Drone  
  16  0:57  Drone  
  16  1:00  Drone  
  18  1:11  Extractor  
  18  1:15  Spawning Pool  
  16  1:18  Drone  
  16  1:23  Drone  
  18  1:28  Drone  
  19  1:39  Drone  
  20  1:50  Overlord  
  20  2:02  Queen x2  
  20  2:03  Zergling x4  
  26  2:11  Drone  
  26  2:14  Drone  
  26  2:15  Metabolic Boost  
  28  2:28  Drone  
  29  2:38  Hatchery  
  29  2:40  Drone  
  29  2:44  Zergling x2  
  29  2:47  Drone x2  
  32  2:51  Overlord  
  32  2:56  Drone x2  
  34  3:03  Queen  
  36  3:10  Drone x2  
  38  3:16  Zergling x2  
  38  3:19  Zergling x2  
  40  3:20  Drone x2  
  40  3:22  Drone  
  42  3:40  Drone x3  
  43  3:46  Drone  
  43  3:49  Overlord  
  43  3:53  Spore Crawler  
  42  3:56  Evolution Chamber  
  42  4:00  Overlord  
  41  4:06  Drone  
  41  4:07  Spore Crawler, Queen  
  41  4:08  Drone x5  
  48  4:12  Spore Crawler  
  48  4:14  Drone x2  
  48  4:15  Drone  
  50  4:20  Drone x2  
  50  4:21  Drone  
  50  4:23  Zerg Melee Weapons Level 1  
  53  4:27  Queen  
  54  4:32  Drone x2  
  54  4:37  Overlord  
  55  4:40  Drone  
  55  4:41  Overlord  
  55  4:43  Drone  
  57  4:48  Overlord, Extractor  
  57  4:50  Overlord  
  57  4:52  Overlord  
  56  4:56  Drone x2  
  59  5:00  Drone x2  
  59  5:02  Lair  
  59  5:06  Queen  
  62  5:11  Baneling Nest  
  62  5:12  Drone x2  
  62  5:13  Drone  
  64  5:17  Zergling x6  
  67  5:22  Zergling x6  
  67  5:27  Spine Crawler  
  68  5:29  Queen  
  68  5:33  Drone x3  
  73  5:38  Drone x2  
  73  5:39  Drone x2  
  73  5:42  Drone  
  78  5:45  Extractor, Drone x3  
  78  5:46  Extractor, Drone  
  78  5:48  Drone x2  
  82  5:55  Spore Crawler  
  82  5:56  Spore Crawler, Zergling x2  
  81  5:58  Spore Crawler  
  81  6:01  Queen  
  82  6:06  Queen  
  82  6:08  Zergling x4  
  82  6:09  Zergling x4  
  88  6:16  Overlord  
  88  6:17  Nydus Network  
  87  6:19  Overseer  
  87  6:24  Queen  
  89  6:27  Zergling x10  
  89  6:32  Overlord  
  94  6:33  Drone x2  
  94  6:36  Queen, Drone x2  
  100  6:41  Queen  
  100  6:43  Zergling x8  
  100  6:45  Drone x2  
  102  6:54  Overlord, Zergling x6  
  100  6:59  Baneling x8  
  100  7:00  Baneling x2  
  103  7:06  Spore Crawler  
  103  7:07  Zergling x6, Hydralisk Den  
  104  7:12  Nydus Canal  
  104  7:15  Zergling x8  
  103  7:16  Zergling x2  
  100  7:23  Zergling x6  
  100  7:27  Zergling x2, Nydus Canal  
  97  7:30  Zergling x8  
  97  7:31  Zergling x2  
  104  7:37  Zergling x2  
  104  7:38  Zergling x2  
  104  7:40  Zergling x4  
  105  7:44  Nydus Canal  
  105  7:45  Zergling x4  
  105  7:46  Zergling x2  
  105  7:50  Zergling x2  
Show
View Real Time Build Order
Export as new Build Order

Cloudy Protoss 

Build Orders: 1 Gate Expand, Oracle Opening, Phoenix Opening, Mass Phoenix 

Get SALT Encoding   

  12  0:01  Probe  
  13  0:13  Probe  
  14  0:19  Pylon  
  14  0:25  Probe  
  15  0:34  Probe  
  15  0:38  Gateway  
  16  0:43  Probe  
  16  0:46  Assimilator  
  17  0:53  Probe  
  18  1:05  Probe  
  19  1:17  Probe  
  20  1:26  Nexus  
  20  1:38  Cybernetics Core  
  20  1:40  Probe  
  21  1:47  Assimilator  
  21  1:52  Probe  
  22  1:56  Pylon  
  22  2:04  Probe  
  22  2:05  Adept  
  25  2:17  Probe  
  26  2:22  Stargate  
  26  2:26  Probe  
  26  2:29  Warp Gate  
  27  2:30  Adept  
  27  2:34  Probe  
  27  2:39  Probe  
  27  2:43  Probe  
  32  2:51  Probe  
  32  2:55  Probe  
  34  3:00  Adept  
  34  3:01  Phoenix  
  34  3:03  Probe  
  37  3:07  Probe  
  40  3:14  Pylon  
  40  3:16  Probe  
  41  3:20  Probe  
  42  3:27  Oracle  
  45  3:35  Probe x2  
  47  3:42  Adept  
  47  3:47  Probe  
  47  3:48  Probe  
  47  3:55  Gateway  
  47  3:59  Probe  
  47  4:00  Assimilator  
  48  4:03  Probe  
  48  4:04  Assimilator  
  48  4:07  Pylon  
  49  4:14  Stargate  
  49  4:16  Probe x2  
  53  4:17  Phoenix  
  53  4:26  Pylon  
  53  4:28  Probe  
  54  4:33  Probe  
  54  4:34  Phoenix  
  55  4:40  Probe  
  58  4:55  Phoenix  
  58  4:59  Phoenix  
  62  5:09  Zealot x2, Forge  
  62  5:10  Pylon  
  66  5:14  Phoenix  
  66  5:24  Phoenix  
  70  5:34  Nexus  
  70  5:36  Sentry  
  70  5:37  Phoenix, Pylon  
  70  5:38  Pylon  
  74  5:49  Robotics Facility  
  74  5:51  Robotics Facility  
  74  5:54  Probe  
  74  5:55  Probe, Shield Battery  
  76  6:06  Phoenix  
  76  6:10  Sentry, Probe x2  
  80  6:13  Protoss Ground Weapons Level 1  
  82  6:22  Probe x2  
  82  6:23  Pylon, Gateway  
  82  6:25  Shield Battery  
  84  6:27  Gateway  
  84  6:31  Twilight Council  
  84  6:34  Probe  
  84  6:36  Probe  
  86  6:43  Oracle  
  86  6:47  Zealot x2, Probe  
  90  6:49  Probe  
  90  6:50  Probe  
  90  6:53  Immortal  
  96  6:54  Observer  
  96  6:59  Probe  
  98  7:02  Probe  
  98  7:05  Probe  
  98  7:06  Assimilator  
  104  7:09  Assimilator  
  104  7:15  Stalker  
  104  7:16  Stalker  
  104  7:20  Stalker  
  110  7:28  Immortal  
  83  7:54  Pylon, Shield Battery  
  83  7:56  Zealot  
  76  7:59  Zealot  
  76  8:00  Zealot  
Tags
 
Add a new tag
Caveats
  • Supply blocks, unpowered buildings, or Contaminate may cause inaccurate times.
  • Supply counts are checked every 10 seconds.